 Dungeon Crawl Stone Soup version 0.29-a0-219-g0a02b1cf4f (webtiles) character file.

Game seed: 3621202735528472328

115 Hasart the Shooter (level 4, 0/37 HPs)
             Began as a Demigod Hunter on Feb 25, 2022.
             Succumbed to a scorpion's poison
             ... on level 3 of the Dungeon.
             The game lasted 00:02:29 (1626 turns).

Hasart the Shooter (Demigod Hunter)                 Turns: 1626, Time: 00:02:29

Health: 0/37       AC:  4    Str: 13    XL:     4   Next: 41%
Magic:  6/6        EV: 12    Int: 13    God:
Gold:   27         SH:  0    Dex: 18    Spells: 3/3 levels left

rFire   . . .      SeeInvis .   a - +1 shortbow
rCold   . . .      Faith    .   (shield currently unavailable)
rNeg    . . .      Spirit   .   b - +0 leather armour
rPois   .          Reflect  .   (no helmet)
rElec   .          Harm     .   (no cloak)
rCorr   .          Rampage  .   (no gloves)
Will    .....                   h - +0 pair of boots
Stlth   ++........              (no amulet)
HPRegen 0.12/turn               (no ring)
MPRegen 0.10/turn               (no ring)

@: brilliant, lethally poisoned (0 -> -1)
A: high MP 1, forlorn, divine attributes
a: no special abilities


You were on level 3 of the Dungeon.
You visited 1 branch of the dungeon, and saw 3 of its levels.

You collected 27 gold pieces.

Inventory:

Hand Weapons
 a - a +1 shortbow (weapon)
Armour
 b - a +0 leather armour (worn)
 h - a +0 pair of boots (worn)
Jewellery
 g - a ring of positive energy
Scrolls
 c - a scroll of amnesia {unknown}
 d - a scroll of teleportation {unknown}
 e - a scroll of immolation {unknown}
 f - a scroll of enchant armour {unknown}
 i - 2 scrolls of enchant weapon {unknown}
 j - a scroll of torment {unknown}
 k - a scroll of fog {unknown}
 m - a scroll of fear {unknown}


   Skills:
 + Level 2.6 Fighting
 * Level 4.3 Bows
 + Level 2.6 Dodging
 + Level 2.1 Stealth


You had 3 spell levels left.
You didn't know any spells.
Your spell library contained the following spells:

 Spells                   Type           Power      Damage    Failure   Level
 Beastly Appendage        Tmut           0%         N/A       36%         1
 Wereblood                Tmut           0%         N/A       52%         2
 Spider Form              Tmut/Pois      0%         N/A       75%         3


Dungeon Overview and Level Annotations

Branches:
Dungeon (3/15)


Innate Abilities, Weirdness & Mutations

You have an increased reservoir of magic. (+10% MP)
You shall have no god before yourself.
Your divine heritage dramatically boosts your attributes as you level up.


Message History

You shoot an arrow. The arrow hits the scorpion.
The scorpion is moderately wounded.
You feel very sick. The scorpion closely misses you.
Unknown command.
You shoot an arrow. The arrow hits the scorpion!
The scorpion is severely wounded.
You feel very sick. The scorpion closely misses you.
The scorpion barely misses you.
Unknown command.
You shoot an arrow.
The arrow hits the scorpion but does no damage.
The scorpion is severely wounded.
You feel sick. The scorpion stings you. The scorpion stings you!
* * * LOW HITPOINT WARNING * * *
Unknown command.
Shoot: a) +1 shortbow
Press: ? - help, Q - select action Shift-Dir - straight line, f/p - scorpion
Aim: a scorpion (severely wounded, 65% to hit)
You shoot an arrow. The arrow closely misses the scorpion.
You feel sick. The scorpion barely misses you.
Unknown command.
It was a potion of brilliance.
You feel clever all of a sudden.
You feel sick. The scorpion stings you.
* * * LOW HITPOINT WARNING * * *
The scorpion stings you.
* * * LOW HITPOINT WARNING * * *
Unknown command.
Shoot: a) +1 shortbow
Press: ? - help, Q - select action Shift-Dir - straight line, f/p - scorpion
Aim: a scorpion (severely wounded, 65% to hit)
You shoot an arrow. The arrow hits the scorpion!
You kill the scorpion!
* * * LOW HITPOINT WARNING * * *
You feel sick.
Your Stealth skill increases to level 2!
You have reached level 4!
Unknown command.
You die...

####
.....##########
#......>...#
#....##.##.##.#
#.#
#<##.##.####
#.##.......#
#.#####.##.##
#.# #.##@.# #..
..###.# ###
#### #†# #.#
#..# .....
.#[#.#.#
....... ?. ##
.#.#.# #?


There were no monsters in sight!

Vanquished Creatures
  A scorpion (D:3)
  2 worms (D:2)
  3 dart slugs (D:1)
  2 ball pythons (D:2)
  3 bats (D:1)
  4 endoplasms
  2 giant cockroaches
  5 goblins
  6 hobgoblins
  6 kobolds
  2 quokkas (D:2)
  3 frilled lizards (D:1)
  3 rats (D:1)
42 creatures vanquished.

Notes
Turn   | Place    | Note
-------+----------+-------------------------------------------
     0 | D:1      | Hasart the Demigod Hunter began the quest for the Orb.
     0 | D:1      | Reached XP level 1. HP: 17/17 MP: 3/3
    35 | D:1      | Reached skill level 1 in Stealth
   179 | D:1      | Reached XP level 2. HP: 24/24 MP: 4/4
   707 | D:1      | Reached XP level 3. HP: 29/29 MP: 5/5
   961 | D:2      | Reached skill level 4 in Bows
  1611 | D:3      | Noticed a scorpion
  1625 | D:3      | Killed a scorpion
  1625 | D:3      | HP: 1/30 [poisoned by a scorpion]
  1626 | D:3      | Reached XP level 4. HP: 1/37 MP: 6/6
  1626 | D:3      | Succumbed to a scorpion's poison

Illustrated notes

Levels and vault maps discovered:
D:1:      saegor_arrival_simple_d, layout_basic,
          hellmonk_ecumenical_altar_heavens_door
D:2:      layout_loops_cross
D:3:      layout_loops_cross, mainiacjoe_overflow_alcove_1, serial_shops, shop,
          hex_large

Skill      XL: |  1  2  3 |
---------------+----------+-----
Stealth        | 1 2 |  2.1
Dodging        | 2 |  2.6
Fighting       | 2 |  2.6
Bows           | 4 |  4.3

Action                   |  1- 3 |  4- 6 || total
-------------------------+-------+-------++-------
 Fire: Shortbow          |   101 |       ||   101
  Use: Potion            |     1 |       ||     1
Armor: Leather armour    |    10 |       ||    10
Dodge: Dodged            |    18 |       ||    18

Table legend: (Time is in decaauts)
 A = Elapsed time spent in this place.
 B = Non-inter-level travel time spent in this place.
 C = Inter-level travel time spent in this place.
 D = Time resting spent in this place.
 E = Time spent auto-exploring this place.
 F = Levels seen in this place.
 G = Mean time per level.
                   A        B        C        D        E       F      G
               +--------+--------+--------+--------+--------+-----+--------+
         Total |   1660 |   1591 |     69 |      0 |   1354 |   3 |  553.3 |
       Dungeon |   1660 |   1591 |     69 |      0 |   1354 |   3 |  553.3 |
               +--------+--------+--------+--------+--------+-----+--------+

Top non-repeatable levels by time:
     D:1: 886 daAuts
     D:2: 736 daAuts
     D:3: 38 daAuts
